[Event "FRA-chT Top 12"]
[Site "Drancy"]
[Date "2016.06.01"]
[Round "5.7"]
[White "Riff, Jean Noel"]
[Black "Schlosser, Philipp"]
[Result "1-0"]
[ECO "B32"]
[WhiteElo "2506"]
[BlackElo "2539"]
[Annotator "ChessBase Website"]
[PlyCount "37"]
[EventDate "2016.05.28"]
[EventType "team-tourn"]
[EventRounds "11"]
[EventCountry "FRA"]
[SourceTitle "CBM 172 Extra"]
[Source "ChessBase"]
[SourceDate "2016.06.21"]
[SourceVersion "1"]
[SourceVersionDate "2016.06.21"]
[SourceQuality "1"]
[WhiteTeam "Mulhouse Philidor"]
[BlackTeam "Bischwiller"]
[WhiteTeamCountry "FRA"]
[BlackTeamCountry "FRA"]
[TimeControl "40/5400+30:1800+30"]

1. e4 c5 2. Nf3 Nc6 3. d4 cxd4 4. Nxd4 Qb6 5. Nb3 Nf6 6. Bd3 (6. Nc3 e6 7. Qe2 Bb4 8. Bd2 O-O 9. a3 Bxc3 10.
Bxc3 e5 11. O-O-O a5 12. Kb1 a4 13. Nd2 Qc5 14. Nc4 b5 15. Nd6 Ba6 16. Qe1 Nd4
17. Bxd4 Qxd6 18. Bc3 Qc7 19. f3 Rfc8 20. Qd2 Ne8 21. h4 d6 22. Bb4 Qb6 23. h5
Rc6 24. h6 g6 25. f4 Nf6 26. Bd3 Re8 27. f5 Nd7 28. fxg6 fxg6 29. Be2 {1-0 (29)
Caruana,F (2796)-Azarov,S (2580) Las Vegas 2015}) 6... d5 7.
exd5 Nxd5 8. O-O e6 9. c4 Nf6 10. Nc3 Be7 11. Bf4 O-O 12.
Qe2 Nd4 $146 (12... Bd7 13. Rad1 e5 14. Nd5
Nxd5 15. cxd5 Nb4 {Vogt,L (2500)-Ilic,Z (2375) Bern op 1990 (9) 1-0}) 13. Nxd4 Qxd4 14. Be5 Qc5 15. Rad1 Rd8 16. Bxf6 gxf6 (16... Bxf6 {would have changed nothing.} 17. Bxh7+ $1
Kxh7 18. Rxd8 Bxd8 19. Qd3+ f5 20. Qxd8) 17. Bxh7+ Kf8 ({If} 17... Kxh7 18. Rxd8 Bxd8 19. Qd3+ Qf5 20. Qxd8) 18. Ne4 Qe5 19. Qg4 1-0

[Event "EU-ch 12th"]
[Site "Aix les Bains"]
[Date "2011.03.30"]
[Round "8"]
[White "Iordachescu, Viorel"]
[Black "Moiseenko, Alexander"]
[Result "1-0"]
[ECO "B32"]
[WhiteElo "2626"]
[BlackElo "2673"]
[Annotator "Marchand,A/Primel,D"]
[PlyCount "75"]
[EventDate "2011.03.22"]
[EventType "swiss"]
[EventRounds "11"]
[EventCountry "FRA"]
[SourceTitle "CBM 142 Extra"]
[Source "ChessBase"]
[SourceDate "2011.06.27"]
[SourceVersion "1"]
[SourceVersionDate "2011.06.27"]
[SourceQuality "1"]
[TimeControl "40/5400+30:1800+30"]

1. e4 c5 2. Nf3 Nc6 3. d4 cxd4 4. Nxd4 e5 {Cette variante Kalashnikov était
trés populaire au début des années 90 mais elle est maintenant beaucoup moins
jouée а haut niveau.} 5. Nb5 d6 6. N1c3 (6. c4 {L'alternative} Be7 7. N1c3 (7.
b3 Nf6 8. Bd3 O-O (8... Bg4 9. f3 Be6 10. Be3 O-O 11. O-O Nh5 12. g3 g6 13.
N5c3 f5 $132 {Dolmatov,S (2595)-Sveshnikov,E (2560) RUS-chT Podolsk 1992 1-0})
9. O-O Bg4 10. f3 Be6 11. Be3 Nh5 $132 ) 7... a6 8. Na3 Be6
(8... f5)) 6... a6 (6... Nf6 {Retombe sur une B33} 7. Bg5 a6 8. Na3 b5) 7. Na3
Be7 {Reprenant la ligne secondaire jouée а la 05ème ronde} (7... b5 {La grande
ligne}) 8. Be3 (8. Nc4 b5 9. Ne3 $14 {[%csl Gd5];Mastrovasilis,D (2584)
-Moiseenko,A (2673) EU-ch 12th Aix-Les-Bains 2011 (5) 1/2}) (8. Nd5 Nf6 9.
Nxf6+ Bxf6 10. Nc4 Be7 11. Be3 (11. Ne3 $14 )) 8... b5 (8... Nf6)
9. Nd5 Rb8 10. c4 b4 11. Nc2 Nf6 12. Qd3 $5 {Bd3 est plus courant} (12. Bd3 O-O
(12... Nd7) 13. b3 Nd7 14. Qd2 Nc5 15. O-O h6 16. Rfd1 a5 17. f3 Bg5 18. Bf1
Ne6 19. Qf2 Bxe3 20. Ndxe3 Ned4 21. Nxd4 Nxd4 22. f4 Qb6 23. Rac1 Qc5 24. f5 a4
25. f6 g6 26. Rd3 axb3 {Palac,M (2587)-Jankovic,A (2359)/Jahorina 2003/CBM 094
ext/0-1 (82)}) (12. f3 O-O 13. b3 (13. Be2) 13... Nd7 (
13... Nh5 14. Qd2 Be6 (14... Nf4 $5 15. Nxf4 exf4 16. Bxf4
f5 17. Be2 fxe4 18. O-O) (14... f5)) (13... Be6 14. Bd3 Nd7 15.
Qd2 a5 16. O-O Nc5 $132 ) 14. Qd2) 12... O-O 13. Be2 Ng4 (13... Nd7
$5 14. Nxe7+ (14. O-O Nc5 $132) 14... Qxe7 15. Rd1 Nf6 16. Qxd6 Qb7 $44 ) (13... Be6 14. O-O) 14. Bd2 Bg5 $5 {Une
manoeuvre classique dans ce genre de structure mais c'est un peu lent} 15. Rd1 (15. O-O $142 {Plus simple}) 15... Nxf2 {Les Noirs auront des
compensations dans la partie avec le K Blanc bloqué а l'aile-roi et la Rh1 non
développée mais si les Blancs arrivent а sortir la Rh1, l'attaque risque de
s'essoufler rapidement.} (15... Be6 16. O-O Bxd2 17. Rxd2 Qh4) (15... f5) 16.
Kxf2 f5 17. Kg1 fxe4 $44 18. Qxe4 b3 (
18... Bxd2 $142 $5 19. Rxd2 Qa5 {[%cal Gb4b3,Ga5d2] La raison pour laquelle,
les Noirs ont écarté cette variante est peut-être le fait qu'il est plus
tentant d'attaquer а l'aile-roi ou se trouve le K Blanc un peu exposé} 20. Bd3
(20. b3 Qxa2 $44) 20... Bf5 21. Qe3 Qxa2 22. Bxf5 Qb1+ 23. Qe1
Qxe1+ 24. Nxe1 Rxf5 25. h4 $1 ) 19. axb3 Rxb3 20. Bg4 (20. c5 $5 ) 20... Bxd2 (20... Bxg4 21. Qxg4 Bxd2 22. Rxd2 Rxb2) 21. Bxc8
Bh6 22. Be6+ Kh8 23. h4 Qe8 (23... Rxb2 24. Rh3 a5 25. Rf3 Rxf3 26. gxf3 g6 $13 ) 24. Rh3 $1 {Résoud le principal problème des Blancs et le
matériel va payer} Rxb2 25. Bg4 a5 26. Rf3 Rxf3 27. Bxf3 Qb8 28. Kh2 g6 29. h5
Kg7 30. Nce3 (30. hxg6 hxg6 31. Qg4 $18 ) 30... Qd8 31.
Kg1 $18 Qg5 32. Ng4 a4 33. Nc7 Nd8 34. Ne8+ Kf8 35. Nxd6 a3 36. Qa8 Qe7 37.
Qxa3 Rd2 38. Nxh6 1-0

[Event "EU-ch 12th"]
[Site "Aix les Bains"]
[Date "2011.03.22"]
[Round "1"]
[White "Vallejo Pons, Francisco"]
[Black "Vedmediuc, Serghei"]
[Result "1/2-1/2"]
[ECO "B32"]
[WhiteElo "2707"]
[BlackElo "2422"]
[Annotator "Marchand,A/Primel,D"]
[PlyCount "87"]
[EventDate "2011.03.22"]
[EventType "swiss"]
[EventRounds "11"]
[EventCountry "FRA"]
[SourceTitle "CBM 142 Extra"]
[Source "ChessBase"]
[SourceDate "2011.06.27"]
[SourceVersion "1"]
[SourceVersionDate "2011.06.27"]
[SourceQuality "1"]
[TimeControl "40/5400+30:1800+30"]

1. e4 c5 2. Nf3 Nc6 3. d4 cxd4 4. Nxd4 e5 5. Nb5 d6 6. N1c3 a6 7. Na3 Be6 8.
Nc4 Nf6 9. Bg5 {01h30} Rb8 $5 (9... Rc8) 10. Nd5 {87 Les Blancs ne sont pas
trop surpris et ils jouent vite} Bxd5 11. Bxf6 {Une tentative d'amélioration
de cette ligne secondaire sera faite а la ronde 5} (11. exd5 $142 {Codenotti,M
(2262)-Antal,G (2545) EU-ch 12th Aix-les-Bains 2011 (5.132) 0-1}) 11... Qxf6
12. Qxd5 $6 (12. exd5 $142 Ne7) 12... Nb4 $1 13. Qd2 d5 $1 $132 14. exd5 Rd8
15. Ne3 {52} Bc5 16. c4 Qg6 (16... O-O)
17. a3 Bxe3 18. Qxb4 {Espérant bloquer le K Noir au centre} Bd4 19. O-O-O $13 Rd6 20. Bd3 {45} (20. Qxb7 O-O $11) 20... Qg5+ 21. Qd2 {33}
Qxg2 22. Rhg1 {29} Qxh2 23. Rxg7 Rf6 24. Rf1 Rxf2 (24... h5 $5 )
25. Rxf2 Qxf2 26. Qxf2 Bxf2 27. b4 b6 28. d6 Be3+ 29. Kc2 Kd7 (29... Bh6 30.
Rxh7 Rxh7 31. Bxh7 $11) 30. Rxf7+ {06} Kxd6 31. Bxh7 Ke6 32. Ra7 Kf6 33. Be4
Kg5 34. Rxa6 Kf4 35. Bd5 Bd4 {[%csl Rc2] Les Noirs ont réussi а activer les
pièces} 36. Ra7 Rh3 37. Rf7+ Kg5 (37... Ke3) 38. Rg7+ Kf4 39. Rf7+ Kg5 40. a4
Ra3 41. Ra7 Kf4 42. Rf7+ Kg5 43. Ra7 Kf4 44. Rf7+ 1/2-1/2

[Event "EU-ch 12th"]
[Site "Aix les Bains"]
[Date "2011.03.22"]
[Round "1"]
[White "Mazur, Stefan"]
[Black "Moiseenko, Alexander"]
[Result "0-1"]
[ECO "B32"]
[WhiteElo "2388"]
[BlackElo "2673"]
[Annotator "Marchand,A/Primel,D"]
[PlyCount "100"]
[EventDate "2011.03.22"]
[EventType "swiss"]
[EventRounds "11"]
[EventCountry "FRA"]
[SourceTitle "CBM 142 Extra"]
[Source "ChessBase"]
[SourceDate "2011.06.27"]
[SourceVersion "1"]
[SourceVersionDate "2011.06.27"]
[SourceQuality "1"]
[TimeControl "40/5400+30:1800+30"]

1. e4 c5 2. Nf3 Nc6 3. d4 cxd4 4. Nxd4 e5 5. Nb5 d6 6. N1c3 (6. c4 Be7 7. N1c3
a6 8. Na3 Be6 9. Nc2 Rc8 10. Nd5 Bg5 11. Nce3 Nge7 12. Bd3 O-O 13. O-O Nd4 14.
b3 g6 15. Bb2 b5 $1 $132) 6... a6 7. Na3 Be7 (7... b5 {La grande ligne qui
laisse l'option de transposer dans une B33} 8. Nd5 Nge7 (8... Nf6 {B33})) 8.
Nc4 b5 (8... Nf6 9. Be3 (9. Bg5) 9... b5 10. Nb6 (10. Bb6) 10... Rb8) 9. Ne3 Nf6 10. g3 (10. Bd3) (10. Ned5 Nxd5 11. Nxd5 (11. exd5 Nb8 12. Be2
O-O 13. O-O f5 $13 {Aagaard}) 11... O-O 12. a4 Rb8 13. axb5 $14 {Dragicevic,D 
(2298)-Bator,R (2461) SWE-chT 0506 2005 (11) 0-1} (13. Bd3 $5 ))
10... O-O (10... h5 11. Bg2 h4) 11. Bg2 b4 12. Ncd5 Nxd5 13. Nxd5 Bg5 14. Bxg5
Qxg5 15. O-O (15. a3 $5 bxa3 16. Rxa3 $14) 15... Rb8 16. f4 (16. Qd3 {Moins
risqué} a5 17. a3 Be6 (17... bxa3 18. Qxa3 $14) 18. axb4 axb4 ({RR} 18... Nxb4
19. Nxb4 Rxb4 20. Qxd6 Rd8 21. Qc7 Rc8 22. Qxa5 {1/2-1/2 Brkic,A (2587)
-Sebenik,M (2529)/Zagreb 2012/Mega2012 Update 11}) 19. Ra6 Rfc8 20. c3 Qd8 21.
Rd1 g6 22. Ne3 Rb6 23. h4 h5 24. Kh2 bxc3 25. bxc3 Ne7 26. Rxb6 Qxb6 27. Bh3
Bxh3 28. Kxh3 Kg7 29. Kg2 Qc6 30. c4 Ng8 {Nepomniachtchi,I (2730)-Ivanchuk,V 
(2775)/Moscow 2011/EXT 2012/1/2-1/2 (76)}) 16... Qd8 17. f5 Kh8 18. f6 $5 $146
(18. Qd2 f6 19. g4 a5 20. Kh1 Ba6 21. Rf3 Bc4 22. c3 bxc3 23. bxc3 Bxd5 24.
Qxd5 Ne7 25. Qd2 Rb6 26. Rd1 Qc7 27. h4 Rfb8 28. g5 Qc4 29. Rg3 d5 30. Qd3 Qxa2
31. exd5 Rb1 32. Rxb1 Qxb1+ {Muhren,B (2303)-Moiseenko,A (2646)/Kemer 2007/CBM
121/0-1 (47)}) 18... g6 19. Qd2 Be6 20. Rad1 (20. Qh6 Rg8 21.
Rad1) (20. a3 $5 $146 {[%csl Ga1] Cornette}) 20... Bxd5 $1 21. exd5 Nd4 {
[%csl Gd4] Le N central sera difficile а déloger sans affaiblir la position
Blanche} 22. Rde1 (22. c3) 22... Rg8 (22... Qc8 23. Re4 Rg8 (23... Qxc2 24. Qh6 ) 24. Qh6 Qf8 $8) 23. Re4 Nf5
24. g4 Nh4 25. g5 Nf5 (25... Qb6+ ) (25...
Nxg2 $143 26. Qxg2 Qb6+ 27. Kh1 Rgc8)
26. Bh3 (26. Rxb4) 26... Qc8 (26... Nd4) 27. Qf2 Rb5 28. Rh4 {Menaçant mat en
03!} Qc5 $8 (28... Rc5 29. Bxf5 gxf5 30. Rxh7+
Kxh7 31. Qh4+ Kg6 32. Qh6#) 29. Qxc5 Rxc5 $132 30. Rxb4 Ne3 31.
Rf2 Rxd5 32. Rb3 Rd1+ 33. Bf1 Re1 34. Rf3 Nxc2 $13 {[%csl Gd6][%cal Gd6d1] Si
les Noirs ont le temps de mobiliser la Rg8, ils vont prendre l'initiative avec
le centre fort} 35. Rfc3 Nd4 36. Rb7 Ra1 37. Kf2 Ne6 38. h4 (38.
Rxf7 $2 Nxg5) 38... Nc5 39. Rxc5 dxc5 40. Bxa6 Rxa2 41. Bc4 Ra4 42. b3 Ra2+ 43. Kg3 Rc2 44. Rd7 (44. Bxf7 Rc3+ 45. Kf2
Ra8 $40 ) 44... Rc3+ 45. Kg4 h5+ 46. gxh6 Rb8 47. h5
gxh5+ 48. Kh4 Kh7 49. Rxf7+ $2 (49. Kxh5 Rh3+ 50. Kg4 Rxh6 51. Kf5 $44 (51. Rxf7+ Kg6)) 49... Kxh6 50. Re7 Rd8 {Dominique PRIMEL} 0-1

[Event "World Women-ch k.o."]
[Site "Teheran"]
[Date "2017.02.25"]
[Round "5.6"]
[White "Harika, Dronavalli"]
[Black "Tan, Zhongyi"]
[Result "1-0"]
[ECO "B32"]
[WhiteElo "2539"]
[BlackElo "2502"]
[Annotator "Silver,A"]
[PlyCount "157"]
[EventDate "2017.02.11"]
[EventType "k.o."]
[EventRounds "7"]
[EventCountry "IRI"]
[SourceTitle "CBM 177"]
[Source "ChessBase"]
[SourceDate "2017.03.16"]
[SourceVersion "1"]
[SourceVersionDate "2017.03.16"]
[SourceQuality "1"]
[TimeControl "600+10"]

1. e4 c5 2. Nf3 Nc6 3. d4 cxd4 4. Nxd4 e5 5. Nb5 a6 6. Nd6+ Bxd6 7. Qxd6 Qe7 8.
Qd1 Nf6 9. Nc3 O-O 10. Bg5 Qe6 11. Bd3 Ne7 12. Qd2 b5 13. a4 Bb7 14. Bxf6 Qxf6
15. axb5 axb5 16. O-O b4 17. Nb5 Nc6 18. Bc4 Ba6 19. Rfd1 Bxb5 20. Bxb5 Nd4 21.
Rxa8 Rxa8 22. Bxd7 Rd8 23. Bg4 Nf3+ 24. Bxf3 Rxd2 25. Rxd2 g6 26. h3 Qa6 27. b3
Qa1+ 28. Bd1 Kg7 29. Rd3 Qc1 30. Kf1 Qf4 31. f3 h5 32. Rd7 Qe3 33. Rd3 Qc5 34.
h4 Qe7 35. g3 g5 36. hxg5 Qxg5 37. Kf2 h4 38. gxh4 Qxh4+ 39. Ke2 Qh2+ 40. Ke1
Qg3+ 41. Kd2 {This is but one of the crucial moments that might have led to a
very different outcome in the tiebreaks by giving Harika Dronavalli a chance
to turn it around. Black has an easy draw here by repetition. The times were
low, but not dramatically so, and both had a few minutes left on their clocks
from the initial 10+10 they started with.} Qf2+ {There is nothing inherently
wrong with this move, and it does not change the evaluation in any way, but
Black only needs a draw to qualify for the finals being one game up in this
mini-match.} (41... Qf4+ {would lead to an immediate perpetual check.} 42. Ke1
Qg3+ 43. Kd2 (43. Ke2 Qh2+ {etc.}) 43... Qf4+ {and they repeat or White plays}
44. Re3 Kh6 45. Be2 Kg5 46. Bc4 Kh4 47. Kd3 Qg5 48. Bd5 {and the queen
invasion with the aid of the king is now winning.} (48. Bxf7 {would lose after}
Qg1 49. Z0 {The threat of} (49. Kd2 Qh2+ 50. Kd3 Qf2 {the bind is absolute,
White's king cannot move away from the rook, and if the rook moves, Qxf3+ wins
the bishop. So} 51. Bd5 Kg3 52. c3 (52. c4 Qb2) 52... Kf4 53. Re2 Qxf3+ 54. Kd2
bxc3+ 55. Kd1 c2+ {and it is over.}) 49... Qd1+ 50. Kc4 Qd4+ 51. Kb5 Qxe3 {
is decisive.}) 48... Qg1) 42. Kc1 Qe1 43. Kb2 f6 44. Kc1 Kg6 45. c3 bxc3 46.
Kc2 Qf2+ 47. Kxc3 Qa2 {Black completely panicked and lost the thread of the
game, and then the game itself.} 48. b4 Qa3+ 49. Kc4 Qc1+ 50. Kb5 f5 51. Bb3 f4
52. Bc4 Qb2 53. Kc5 Qf2+ 54. Kc6 Qc2 55. Kd5 Qf2 56. b5 Qb6 57. Kxe5 Qc5+ 58.
Bd5 Qe7+ 59. Kd4 Qb4+ 60. Bc4 Qb2+ 61. Kc5 Qe5+ 62. Rd5 Qc7+ 63. Kb4 Qe7+ 64.
Rc5 Qd6 65. Bd5 Kg5 66. e5 Qg6 67. Be4 Qe6 68. Rc6 Qe7+ 69. Kc4 Qf7+ 70. e6 Qa7
71. b6 Qa4+ 72. Kc5 Qa3+ 73. Kb5 Kf6 74. b7 Qb3+ 75. Ka6 Ke7 76. Ka7 Qe3+ 77.
Rb6 Qa3+ 78. Ra6 Qc5+ 79. Ka8 {The queen of tiebreaks had obtained yet another
stay of execution.} 1-0